 Dungeon Crawl Stone Soup version 0.20-a0-270-g8e735b6 (webtiles) character file.

197806 FitzyFitz the Unseen (level 17, -4/101 HPs)
             Began as a Deep Elf Enchanter on Dec 8, 2016.
             Was the Champion of Cheibriados.
             Slain by a sphinx simulacrum (42 damage)
             ... on level 1 of the Vaults on Dec 11, 2016.
             The game lasted 04:57:27 (44526 turns).

FitzyFitz the Unseen (Deep Elf Enchanter)          Turns: 44526, Time: 04:57:28

Health: -4/101     AC: 12    Str: 20    XL:     17   Next: 79%
Magic:  32/37      EV: 30    Int: 46    God:    Cheibriados [******]
Gold:   846        SH:  8    Dex: 32    Spells: 2/45 levels left

rFire  . . .     SeeInvis +     a - +4 rapier (elec)
rCold  . . .     Gourm    .     u - +1 robe {MR+}
rNeg   . . .     Faith    .     m - +0 buckler
rPois  .         Spirit   .     S - +1 helmet {Int+3}
rElec  .         Reflect  .     n - +2 cloak
rCorr  .         Harm     .     s - +0 pair of gloves
MR     ++...     Clarity  +     E - +0 pair of boots
Stlth  ++++++++..               i - amulet of regeneration
                                j - ring "Coecid" {+Blink SInv}
                                O - +4 ring of evasion

@: studying Stealth, repel missiles, very slow
A: molten scales 1, agile 1, clarity, wild magic 1
}: 1/15 runes: gossamer
a: Bend Time, Temporal Distortion, Slouch, Step From Time, Renounce Religion,
Evoke Blink


You were on level 1 of the Vaults.
You worshipped Cheibriados.
Cheibriados was exalted by your worship.
You were not hungry.

You visited 7 branches of the dungeon, and saw 30 of its levels.
You also visited: Labyrinth, Ossuary and Bailey.

You collected 2938 gold pieces.
You spent 2092 gold pieces at shops.

Inventory:

Hand Weapons
 a - a +4 rapier of electrocution (weapon)
 c - a +2 dagger of holy wrath
Armour
 m - a +0 buckler (worn)
 n - a +2 cloak (worn)
 s - a +0 pair of gloves (worn)
 u - a +1 robe of magic resistance (worn)
 E - a +0 pair of boots (worn)
 S - a +1 helmet of intelligence (worn)
Magical Staves
 b - an uncursed staff of energy
Jewellery
 i - an amulet of regeneration (around neck)
 j - the ring "Coecid" (right hand) {+Blink SInv}
   (You took it off an orc on level 13 of the Dungeon)

   [ring of see invisible]

   It lets you see invisible.
   It lets you blink.
 O - a +4 ring of evasion (left hand)
Wands
 f - a wand of heal wounds (9/9)
 h - a wand of disintegration (0/24)
 w - a wand of paralysis (14/24)
Scrolls
 e - 2 scrolls of recharging
 q - a scroll of vulnerability
 y - 7 scrolls of remove curse
 F - a scroll of silence
 Q - 4 scrolls of identify
 R - 2 scrolls of fog
 T - a scroll of magic mapping
 Y - 8 scrolls of immolation
Potions
 g - 6 potions of curing
 k - 4 potions of cancellation
 l - a potion of brilliance
 o - a potion of heal wounds
 p - 3 potions of ambrosia
 B - 8 potions of lignification
 H - 5 potions of flight
 V - 3 potions of resistance
Books
 r - a manual of Stealth
Miscellaneous
 D - a lamp of fire
 U - a crystal ball of energy
Comestibles
 d - 20 bread rations
 x - 4 meat rations
 G - 14 beef jerkies
 L - 9 fruits


   Skills:
 - Level 9.8 Fighting
 + Level 8.7 Short Blades
 - Level 2.0 Armour
 - Level 11.0 Dodging
 - Level 18.3 Stealth
 - Level 6.0 Shields
 - Level 14.6 Spellcasting
 - Level 12.5 Conjurations
 - Level 11.0 Hexes
 - Level 3.9 Charms
 - Level 12.5 Summonings
 - Level 2.0 Necromancy
   Level 3.5 Transmutations
 - Level 1.0 Ice Magic
 - Level 2.5 Air Magic
 - Level 6.5 Poison Magic
 - Level 7.1 Invocations
 + Level 8.4 Evocations


You had 2 spell levels left.
You knew the following spells:

 Your Spells              Type           Power        Failure   Level  Hunger
a - Corona                Hex            #######      1%          1    None
b - Ensorcelled Hibernat  Hex/Ice        ######       1%          2    None
c - Confuse               Hex            ########     1%          3    None
d - Tukima's Dance        Hex            ########     1%          3    None
e - Repel Missiles        Chrm/Air       ######       1%          2    None
f - Mephitic Cloud        Conj/Pois/Air  #######.     1%          3    None
g - Venom Bolt            Conj/Pois      ########..   1%          5    None
h - Fulminant Prism       Conj/Hex       ########..   1%          4    None
i - Summon Demon          Summ           ########..   1%          5    None
j - Fireball              Conj/Fire      #######...   3%          5    None
k - Spellforged Servitor  Conj/Summ      ########..   8%          7    ##.....
v - Regeneration          Chrm/Necr      ######....   1%          3    None


Dungeon Overview and Level Annotations

Branches:
Dungeon (15/15)            Temple (1/1) D:5            Lair (6/6) D:8
 Shoals (1/4) Lair:2       Spider (4/4) Lair:2        Slime (0/5) Lair:6
    Orc (2/2) D:10            Elf (0/3) Orc:2        Vaults (1/5) D:14
 Depths (0/5) D:15

Altars:
Ashenzari
Cheibriados
Kikubaaqudgha
Makhleb
Okawaru
Qazlal
Sif Muna
Trog
Uskayaw
Xom
Yredelemnul
The Shining One
Beogh
Jiyva

Shops:
D:6 =   D:12 (   Orc:2 *:([

Annotations:
Lair:2 exclusion: 2 oklob plants


Innate Abilities, Weirdness & Mutations

You are partially covered in molten scales. (AC +2)
You are agile. (Dex +2)
You possess an exceptional clarity of mind.
Your spells are a little harder to cast, but a little more powerful.


Message History

You hit the sphinx simulacrum.
There is a sudden explosion of sparks!
The sphinx simulacrum is heavily damaged.
The sphinx simulacrum hits you! The sphinx simulacrum freezes you!!
You block the sphinx simulacrum's attack.
The sphinx simulacrum completely misses you.
The sphinx simulacrum completely misses you.
You block the sphinx simulacrum's attack.
The sphinx simulacrum completely misses you.
Casting: Confuse
Confirm with . or Enter, or press ? or * to list all spells.
Okay, then.
Unknown command.
You blink.
You feel slightly more hungry.
Casting: Confuse
Confirm with . or Enter, or press ? or * to list all spells.
You open a gate to Pandemonium!
A demon appears!
You hit the sphinx simulacrum.
The sphinx simulacrum is heavily damaged.
The sphinx simulacrum hits you. The sphinx simulacrum freezes you!!!
You die...

,,,,,*,,,,,,,,*,,,,***,,,,*******
,,,,,**********,,,,,*,,,,,*
,,,,,* ****,,,,,**** ,,,,,*
*,,**,,,**,,* ******
*>,,*,,,*,,,* *,,,+,,,+,,,*
**####* ###****+*****
**,,...#*#.##*,,,,,* *
**,,**...##.@#***,,** *
*,,**,,#..#3Z#,*+*** *
*,**,,,*#.#.#+,,,,*** *
*,**,,,*#.'.#*,,,**,* *
#.**,,,##.###,,,,+*,* *
#..#,,##..#***+*,*,,* *
*#...##..##*,,****,,* *
*#.....##*,,,,,***,* *
****######'#***#**+***** *


You could see a sphinx simulacrum and a friendly sixfirhy.

Vanquished Creatures
  Kirke (Lair:6)
  5 emperor scorpions
  An orc warlord (Bailey)
  3 ghost moths (Spider:4)
  Aizul (Spider:4)
  An entropy weaver (Spider:2)
  2 spark wasps
  Josephine (Lair:5)
  A minotaur (Lab)
  9 hydras
  An anaconda (Lair:6)
  A catoblepas (Lair:6)
  4 centaur warriors
  An ogre mage (D:15)
  2 tengu warriors
  7 death yaks (Lair:6)
  3 orc high priests (Orc:2)
  5 unseen horrors
  A deep troll (shapeshifter) (D:13)
  A lindwurm (Lair:3)
  A deep elf archer (D:14)
  7 hill giants
  A harpy (shapeshifter) (D:13)
  4 orc knights (Orc:2)
  2 orc sorcerers (Orc:2)
  A cyclops (D:12)
  36 wolf spiders
  An oklob plant (Lair:6)
  4 deep elf magi
  16 orb spiders
  20 ugly things
  4 manticores
  2 fauns (Shoals:1)
  A moth of wrath (Spider:3)
  A salamander (D:15)
  10 elephants (Lair:6)
  A black mamba (shapeshifter) (D:13)
  Maurice (D:12)
  A torpor snail (Spider:2)
  12 spiny frogs
  2 efreet
  A kobold demonologist (D:14)
  6 rime drakes
  5 komodo dragons
  A redback zombie (D:14)
  9 demonic crawlers
  A tengu conjurer (D:13)
  A queen bee (Spider:1)
  24 jumping spiders
  A polar bear (shapeshifter) (D:13)
  9 trolls
  3 meliai (Spider:1)
  A merfolk (Shoals:1)
  Prince Ribbit (D:5)
  12 hornets
  5 two-headed ogres
  Grinder (D:3)
  24 dream sheep
  2 slime creatures (D:12)
  7 blink frogs
  A snapping turtle (Shoals:1)
  7 hippogriffs
  71 redbacks
  A centaur simulacrum (D:13)
  37 yaks
  4 wraiths
  A water elemental (Shoals:1)
  6 hogs (Lair:6)
  A shadow (D:15)
  5 wyverns
  25 tarantellas
  2 humans (D:7)
  2 basilisks
  3 hungry ghosts
  Edmund (D:5)
  Menkaure (D:6)
  3 vampire mosquitoes
  2 soldier ants
  4 wargs
  17 water moccasins
  6 ice beasts
  7 porcupines
  4 sky beasts
  3 black bears
  31 orc warriors
  A necrophage (D:11)
  3 eyes of draining
  15 ogres
  4 phantoms
  15 wolves
  5 boggarts (D:14)
  8 centaurs
  17 crocodiles
  5 big kobolds
  An elf zombie (D:8)
  23 bullfrogs
  A wyvern skeleton (D:14)
  7 scorpions
  31 killer bees
  2 troll zombies (D:8)
  14 wights
  3 howler monkeys
  4 electric eels
  2 bullfrog zombies
  7 crimson imps
  9 centaur zombies
  5 quasits
  10 hounds
  24 orc wizards
  11 centaur skeletons
  18 orc priests
  A jelly (D:12)
  7 iguanas
  5 human zombies (D:8)
  2 human skeletons (D:8)
  11 worker ants
  A big kobold zombie (Ossuary)
  8 mummies (Ossuary)
  2 worker ant zombies
  2 gnolls
  12 adders
  4 shadow imps
  2 oozes
  3 adder skeletons
  2 worms
  A worm (shapeshifter) (D:15)
  2 dart slugs
  5 leopard geckos
  90 orcs
  A ball python (D:6)
  12 hobgoblins
  16 jackals
  36 kobolds
  10 quokkas
  5 bats
  5 frilled lizards
  A gnoll zombie (Ossuary)
  16 goblins
  A hobgoblin zombie (Ossuary)
  A jackal skeleton (D:6)
  2 kobold zombies (Ossuary)
  3 orc zombies (Ossuary)
  9 rats
  2 fungi (Lair:6)
  5 plants
1068 creatures vanquished.

Vanquished Creatures (collateral kills)
  Saint Roka (Orc:2)
  Arachne (Spider:3)
  8 emperor scorpions
  2 ghost moths
  An orc warlord (Orc:2)
  2 entropy weavers (Spider:1)
  A stone giant (shapeshifter) (D:15)
  5 dire elephants (Lair:6)
  A spark wasp (Spider:4)
  A centaur warrior (D:15)
  A hydra (D:15)
  A rakshasa (D:15)
  A dancing weapon (Orc:1)
  8 death yaks (Lair:6)
  A deep troll earth mage (D:13)
  An orc high priest (Orc:2)
  The ghost of Winterlute the Thaumaturge, a novice DEFE of Sif Muna (D:10)
  A skeletal warrior (D:14)
  A wizard (D:13)
  A hill giant (D:13)
  4 orc knights
  2 fauns (Shoals:1)
  4 orb spiders
  6 wolf spiders
  5 ugly things (D:15)
  A deep elf mage (D:14)
  2 cyclopes (D:13)
  2 slime creatures (D:12)
  A centaur zombie (D:15)
  A torpor snail (shapeshifter) (D:14)
  A spiny frog (Lair:6)
  2 centaur skeletons
  7 demonic crawlers
  10 jumping spiders
  A troll (Orc:2)
  A merfolk (Shoals:1)
  20 redbacks
  A shadow (D:14)
  9 tarantellas
  A hungry ghost (D:15)
  3 vampire mosquitoes
  A water moccasin (Lair:6)
  14 orc warriors (Orc:2)
  An ice beast (D:13)
  7 ogres
  A big kobold (D:14)
  A killer bee (Spider:1)
  3 wights (D:8)
  A crimson imp (D:13)
  2 hounds
  6 orc priests
  A jelly (D:7)
  8 orc wizards
  A gnoll (Bailey)
  22 orcs
193 creatures vanquished.

Vanquished Creatures (others)
  A dancing weapon (Spider:3)
  A human (Lair:6)
  An orc warrior (Orc:2)
  An orc wizard (D:6)
  A bush (Lair:6)
  19 fulminant prisms
  58 fungi
  35 plants
117 creatures vanquished.

Grand Total: 1378 creatures vanquished

Notes
Turn   | Place    | Note
-------+----------+-------------------------------------------
     0 | D:1      | FitzyFitz the Deep Elf Enchanter began the quest for the Orb.
     0 | D:1      | Reached XP level 1. HP: 10/10 MP: 6/6
   656 | D:1      | Reached XP level 2. HP: 3/15 MP: 5/8
  1036 | D:1      | Reached skill level 5 in Hexes
  1442 | D:1      | Learned a level 2 spell: Ensorcelled Hibernation
  1672 | D:2      | Reached XP level 3. HP: 17/19 MP: 5/9
  1801 | D:2      | Learned a level 3 spell: Confuse
  1884 | D:2      | Reached skill level 1 in Ice Magic
  2176 | D:2      | Noticed a hand axe
  2177 | D:2      | Noticed a dagger
  2347 | D:2      | Found a hide-covered altar of Uskayaw.
  2677 | D:3      | Noticed a phantom
  2695 | D:3      | Killed a phantom
  2695 | D:3      | Reached XP level 4. HP: 24/24 MP: 4/12
  2695 | D:3      | Reached XP level 5. HP: 28/28 MP: 4/13
  2809 | D:3      | Noticed Grinder
  2886 | D:3      | Killed Grinder
  2886 | D:3      | Reached skill level 5 in Spellcasting
  2886 | D:3      | Reached XP level 6. HP: 28/32 MP: 11/15
  3445 | D:3      | Found a bloodstained altar of Trog.
  3446 | D:3      | Found a snail-covered altar of Cheibriados.
  3446 | D:3      | Found a deep blue altar of Sif Muna.
  3448 | D:3      | Found a shimmering altar of Xom.
  3448 | D:3      | Found a shattered altar of Ashenzari.
  3450 | D:3      | Found a basalt altar of Yredelemnul.
  3450 | D:3      | Found a glowing golden altar of the Shining One.
  3451 | D:3      | Found a stormy altar of Qazlal.
  3459 | D:3      | Became a worshipper of Cheibriados the Contemplative
  3471 | D:3      | Learned a level 3 spell: Tukima's Dance
  3475 | D:3      | Learned a level 3 spell: Dazzling Spray
  4026 | D:4      | Reached XP level 7. HP: 36/36 MP: 13/17
  4038 | D:4      | Reached skill level 4 in Stealth
  4038 | D:4      | Reached skill level 1 in Conjurations
  4279 | D:4      | Reached skill level 1 in Fighting
  4757 | D:5      | Entered Level 5 of the Dungeon
  4784 | D:5      | Noticed Prince Ribbit
  4949 | D:5      | Reached * piety under Cheibriados
  5096 | D:5      | Found a staircase to the Ecumenical Temple.
  5106 | Temple   | Entered the Ecumenical Temple
  5119 | D:5      | Reached XP level 8. HP: 44/44 MP: 16/19
  5228 | D:5      | Reached skill level 5 in Stealth
  5249 | D:5      | Killed Prince Ribbit
  5249 | D:5      | Reached skill level 10 in Hexes
  5388 | D:5      | Noticed Edmund
  5412 | D:5      | Killed Edmund
  5969 | D:6      | Reached skill level 6 in Stealth
  6302 | D:6      | Reached ** piety under Cheibriados
  6332 | D:6      | Found Aveth's Jewellery Shop.
  6352 | D:6      | Bought a cursed amulet of inaccuracy for 24 gold pieces
  6573 | D:6      | Got a polished ring mail
  6574 | D:6      | Identified the cursed +0 ring mail of the Desert {*Contam MP+9 Dex+9} (You found it on level 6 of the Dungeon)
  6577 | D:6      | Gained mutation: Your natural rate of healing is unusually fast. [potion of mutation]
  6577 | D:6      | Gained mutation: You expend magic power (3 MP) to strengthen your wands. [potion of mutation]
  6577 | D:6      | Gained mutation: You tend to lose your temper in combat. [potion of mutation]
  6578 | D:6      | Lost mutation: You expend magic power (3 MP) to strengthen your wands. [potion of cure mutation]
  6578 | D:6      | Lost mutation: You tend to lose your temper in combat. [potion of cure mutation]
  6578 | D:6      | Lost mutation: Your natural rate of healing is unusually fast. [potion of cure mutation]
  6658 | D:6      | Noticed Menkaure
  6668 | D:6      | Killed Menkaure
  6668 | D:6      | Reached XP level 9. HP: 51/51 MP: 17/20
  7150 | D:6      | Reached *** piety under Cheibriados
  7482 | D:7      | Reached skill level 1 in Invocations
  7610 | D:7      | Reached skill level 5 in Short Blades
  7632 | D:7      | Found an iron altar of Okawaru.
  7700 | D:7      | Reached skill level 1 in Shields
  7949 | D:8      | Found a staircase to the Lair.
  8033 | D:8      | Found a burning altar of Makhleb.
  8235 | D:8      | Found a sand-covered staircase.
  8240 | Ossuary  | Entered an ossuary
  8259 | Ossuary  | Reached **** piety under Cheibriados
  8691 | D:8      | Reached XP level 10. HP: 45/56 MP: 12/21
  8785 | D:8      | Reached skill level 5 in Shields
  9447 | D:8      | Found an ancient bone altar of Kikubaaqudgha.
  9448 | D:8      | Reached ***** piety under Cheibriados
  9782 | D:8      | Reached skill level 5 in Dodging
  9838 | Lair:1   | Entered Level 1 of the Lair of Beasts
 10211 | Lair:1   | Noticed a seven-headed hydra
 10353 | Lair:1   | Killed a seven-headed hydra
 10353 | Lair:1   | Reached skill level 5 in Fighting
 10353 | Lair:1   | Reached skill level 7 in Stealth
 10464 | Lair:1   | Noticed a spiny frog
 10469 | Lair:1   | Killed a spiny frog
 10585 | Lair:1   | Reached XP level 11. HP: 50/64 MP: 18/23
 10598 | Lair:1   | Learned a level 3 spell: Mephitic Cloud
 10865 | Lair:2   | Found a staircase to the Shoals.
 10921 | Lair:2   | Found a hole to the Spider Nest.
 10942 | Lair:2   | Reached skill level 1 in Air Magic
 10959 | Lair:2   | Reached skill level 1 in Poison Magic
 11205 | Lair:2   | Noticed an oklob plant
 11205 | Lair:2   | Noticed an oklob plant
 11606 | Lair:3   | Noticed a lindwurm
 11703 | Lair:3   | Noticed a six-headed hydra
 11711 | Lair:3   | Learned a level 5 spell: Venom Bolt
 11749 | Lair:3   | Killed a six-headed hydra
 11751 | Lair:3   | Reached skill level 5 in Conjurations
 12101 | Lair:3   | Reached ****** piety under Cheibriados
 12405 | Lair:3   | Killed a lindwurm
 12405 | Lair:3   | Reached skill level 5 in Poison Magic
 12414 | Lair:3   | Learned a level 4 spell: Olgreb's Toxic Radiance
 12616 | Lair:4   | Reached XP level 12. HP: 48/71 MP: 18/24
 13240 | Lair:4   | Noticed a four-headed hydra
 13399 | Lair:4   | Killed a four-headed hydra
 13542 | Lair:5   | Noticed Josephine
 14416 | Lair:5   | Killed Josephine
 14416 | Lair:5   | Reached skill level 5 in Invocations
 14944 | D:9      | Reached skill level 8 in Stealth
 15518 | D:10     | Entered Level 10 of the Dungeon
 15520 | D:10     | Found a roughly hewn altar of Beogh.
 15650 | D:10     | Noticed Winterlute's ghost (novice DEFE)
 16002 | D:10     | Got a translucent chain mail
 16041 | D:10     | Found a staircase to the Orcish Mines.
 16401 | D:10     | Reached skill level 1 in Evocations
 16507 | D:10     | Reached skill level 9 in Stealth
 17188 | D:11     | Got a steaming whip
 17306 | D:11     | Reached XP level 13. HP: 79/79 MP: 22/25
 17893 | D:12     | Found a labyrinth entrance.
 17905 | Lab      | Entered a labyrinth
 17969 | Lab      | Noticed a minotaur
 17975 | Lab      | Killed a minotaur
 17977 | Lab      | Identified the Grimoire of Plasticity
 17987 | Lab      | Identified a +0 rod of clouds (13/13) (You found it in a labyrinth)
 17988 | Lab      | Upgraded the game from 0.20-a0-269-g17f5411 to 0.20-a0-270-g8e735b6
 18025 | D:12     | Identified the +0 chain mail of Servitude {*Corrode rPois Int+6 Dex+2} (You found it on level 10 of the Dungeon)
 18367 | D:12     | Noticed Maurice
 18372 | D:12     | Killed Maurice
 18916 | D:12     | Found Mono's Antique Weapon Boutique.
 19700 | Lair:1   | Learned a level 4 spell: Fulminant Prism
 19761 | Lair:6   | Entered Level 6 of the Lair of Beasts
 19980 | Lair:6   | Found a staircase to the Slime Pits.
 19981 | Lair:6   | Found a viscous altar of Jiyva.
 20023 | Lair:6   | Reached skill level 10 in Spellcasting
 20025 | Lair:6   | Noticed Kirke
 20050 | Lair:6   | Killed Kirke
 21039 | Lair:1   | Learned a level 5 spell: Summon Demon
 21323 | Lair:1   | Learned a level 2 spell: Repel Missiles
 21503 | Orc:1    | Entered Level 1 of the Orcish Mines
 21522 | Orc:1    | Reached skill level 1 in Summonings
 21934 | Orc:2    | Entered Level 2 of the Orcish Mines
 21934 | Orc:2    | Found Oqonucidwa's Antique Armour Shoppe.
 21943 | Orc:2    | Noticed Saint Roka
 22062 | D:10     | Reached XP level 14. HP: 84/84 MP: 27/32
 22135 | Lair:1   | Learned a level 5 spell: Alistair's Intoxication
 22167 | Spider:1 | Entered Level 1 of the Spider Nest
 22173 | Spider:1 | Noticed an emperor scorpion
 22200 | Spider:1 | Killed an emperor scorpion
 22200 | Spider:1 | Reached skill level 1 in Transmutations
 22375 | Spider:1 | Reached skill level 1 in Charms
 22380 | Spider:1 | Noticed an entropy weaver
 22575 | Spider:1 | Noticed an emperor scorpion
 22584 | Spider:1 | Killed an emperor scorpion
 22601 | Spider:1 | Killed an entropy weaver
 22634 | Spider:1 | Learned a level 3 spell: Regeneration
 22653 | Spider:1 | Noticed an emperor scorpion
 22667 | Spider:1 | Killed an emperor scorpion
 22681 | Spider:1 | Reached skill level 1 in Necromancy
 22790 | Spider:1 | Noticed an emperor scorpion
 22805 | Spider:1 | Killed an emperor scorpion
 23684 | Spider:1 | Reached skill level 5 in Summonings
 23747 | Spider:1 | Noticed a ghost moth
 23750 | Spider:1 | Killed a ghost moth
 23885 | Spider:1 | Reached skill level 5 in Evocations
 24039 | D:10     | Killed Winterlute's ghost
 24352 | D:13     | Found a flagged portal.
 24367 | Bailey   | Entered a bailey
 24423 | Bailey   | Noticed an orc warlord
 24566 | Bailey   | Found a runed gate.
 24567 | Bailey   | Found a runed gate.
 24572 | Bailey   | Found a runed gate.
 24676 | Bailey   | Killed an orc warlord
 24714 | Bailey   | Gained mutation: You evolve. [potion of beneficial mutation]
 24715 | Bailey   | Gained mutation: You possess an exceptional clarity of mind. [potion of beneficial mutation]
 24717 | Bailey   | Got a smoking hand axe
 24857 | Bailey   | Identified the +3 hand axe of Eternal War {vamp, +Fly rF++ rC+++ Dex-2} (You found it in a bailey)
 26133 | D:13     | Reached skill level 10 in Stealth
 26491 | D:13     | Got a smoking silver ring
 26606 | D:13     | Identified the ring "Coecid" {+Blink SInv} (You took it off an orc on level 13 of the Dungeon)
 26791 | D:14     | Reached XP level 15. HP: 89/89 MP: 15/35
 27188 | D:14     | Reached skill level 11 in Stealth
 27843 | D:14     | Found a gate to the Vaults.
 27910 | D:14     | Gained mutation: Your spells are a little harder to cast, but a little more powerful. [evolution]
 28594 | Lair:1   | Learned a level 7 spell: Spellforged Servitor
 29354 | Lair:6   | Reached skill level 10 in Summonings
 29356 | Lair:6   | Reached skill level 10 in Conjurations
 31226 | Lair:6   | Got a transparent trident
 31230 | Lair:6   | Identified the +5 trident of Sulphur {antimagic, Stlth+} (You found it on level 6 of the Lair of Beasts)
 31545 | Lair:6   | Reached skill level 12 in Stealth
 31934 | D:15     | Entered Level 15 of the Dungeon
 32498 | D:15     | Reached skill level 13 in Stealth
 32509 | D:15     | Reached XP level 16. HP: 68/94 MP: 5/36
 33292 | D:15     | Noticed a quicksilver dragon
 33292 | D:15     | an alligator snapping turtle changed into a quicksilver dragon
 33293 | D:15     | a quicksilver dragon changed into a stone giant
 33305 | D:15     | Reached skill level 14 in Stealth
 33562 | D:15     | Found a staircase to the Depths.
 34684 | Lair:1   | Gained mutation: You are partially covered in molten scales. (AC +2) [evolution]
 34902 | Orc:2    | Reached skill level 15 in Stealth
 35758 | Orc:1    | Found a roughly hewn altar of Beogh.
 35933 | Orc:2    | Found a staircase to the Elven Halls.
 35996 | Orc:2    | Found a roughly hewn altar of Beogh.
 36131 | Orc:2    | Killed Saint Roka
 36438 | Orc:2    | Found Jiakhoyj's Book Shop.
 36588 | Orc:2    | Bought the Guide on Ghastly Dislocation for 969 gold pieces
 36588 | Orc:2    | Bought a book of Flames for 420 gold pieces
 36594 | Orc:2    | Learned a level 5 spell: Fireball
 36635 | Orc:2    | Found Zaguejau's General Store.
 36649 | Orc:2    | Bought a potion of heal wounds for 70 gold pieces
 36783 | Orc:2    | Found Puyw's Antique Weapon Shop.
 36791 | Orc:2    | Bought a glowing lajatang for 441 gold pieces
 37149 | Shoals:1 | Entered Level 1 of the Shoals
 37382 | Shoals:1 | Reached skill level 16 in Stealth
 38613 | Spider:3 | Noticed Arachne
 38623 | Spider:3 | Killed Arachne
 38893 | Spider:3 | Gained mutation: You are agile. (Dex +2) [evolution]
 38893 | Spider:3 | Lost mutation: You evolve. [end of evolution]
 38989 | Spider:3 | Reached skill level 10 in Dodging
 39078 | Spider:3 | Reached XP level 17. HP: 100/100 MP: 22/37
 39163 | Spider:3 | Reached skill level 17 in Stealth
 39423 | Spider:3 | Got a crystal battleaxe
 39434 | Spider:4 | Entered Level 4 of the Spider Nest
 39970 | Spider:4 | Noticed Aizul
 40173 | Spider:4 | Killed Aizul
 41739 | Spider:4 | Reached skill level 18 in Stealth
 43093 | Spider:4 | Got a gossamer rune of Zot
 43215 | Spider:4 | Reached skill level 1 in Armour
 43908 | Orc:2    | Bought a +0 rapier of electrocution for 168 gold pieces
 44390 | Vaults:1 | Entered Level 1 of the Vaults
 44526 | Vaults:1 | Slain by a sphinx simulacrum

Vault maps used:
D:1:      eino_arrival_water_cross
D:2:      dancing_weapons_uskayaw
D:3:      grunt_temple_overflow_open, first_bread, st_stairs_14, uniq_grinder
D:4:      minmay_distorted
D:5:      lemuel_ice_spiral_2, serial_curves, eino_curves_03, eino_curves_04,
          abandoned_shop, bh_walls_and_bars, uniq_prince_ribbit1, uniq_edmund
D:6:      serial_shops, nicolae_shop_stone, uniq_menkaure
D:7:      grunt_ogre_cave, okawaru_humans
D:8:      lemuel_mausoleum_altar_kikubaaqudgha, lightli_temple_of_fire,
          lair_entry_dummy, enter_ossuary_2
D:10:     david_orc_5
D:12:     serial_shops, shop, lab_entry_generic, uniq_maurice
D:13:     kennysheep_green_arena, enter_bailey_3, kennysheep_nondescript
D:14:     hangedman_vaults_entry_quadrant_bands, small_statue_intersection
D:15:     hangedman_depths_entry_try_elsewhere_first, serial_bayou_shore_a
Temple:   zaba_magenta_temple
Lair:2:   elwin_shoals_entry_rocks, spider_nest_entry_web_field,
          fungi_pond_lemuel, grunt_megastairs_2, minmay_lair_oklob_chamber
Lair:3:   wad_woods_river_03
Lair:5:   minmay_lair_drake_nest, uniq_josephine
Lair:6:   due_jungle_book, slime_altar_1, uniq_kirke
Shoals:1: uniq_louise
Spider:1: nicolae_looking_at_the_future
Spider:3: uniq_arachne
Spider:4: guppyfry_spider_rune, hangedman_spider_mandibles, uniq_aizul
Orc:1:    basic_altar
Orc:2:    grunt_orc_gardens, grunt_orc_garden, grunt_orc_garden,
          grunt_orc_garden, grunt_orc_garden, minmay_orc_temple_a,
          uniq_saint_roka
Vaults:1: vaults_mumra_chevron, nicolae_vaults_network_square,
          ontoclasm_vaults_shuriken, v_misc_33, ontoclasm_vaults_twist,
          ontoclasm_vaults_eye, dpeg_vaults_pockets_of_resistance,
          nicolae_vaults_rhombus_6, vaults_dpeg_hooks,
          hangedman_vaults_river_flow, v_rooms_4, v_misc_26, serial_shops,
          nicolae_shop_trees, infiniplex_enter_wizlab_glasses
Lab:      labyrinth_watery, nicolae_lab_checkerboard
Ossuary:  ossuary_tomb_3
Bailey:   bailey_axe_bossmonster_kennysheep, bailey

Skill      XL: |  1  2  3  4  5  6  7  8  9 10 11 12 13 14 15 16 17 |
---------------+----------------------------------------------------+-----
Hexes          | 5 6 8 9 10 11 | 11.0
Ice Magic      | 1 |  1.0
Spellcasting   | 4 5 6 7 12 14 | 14.6
Stealth        | 4 6 7 9 10 13 16 18 | 18.3
Conjurations   | 1 2 3 6 7 9 11 12 | 12.5
Fighting       | 1 3 4 5 6 8 9 |  9.8
Short Blades   | 2 4 5 6 7 8 |  8.7
Dodging        | 3 4 6 8 9 10 11 | 11.0
Invocations    | 1 2 6 7 |  7.1
Shields        | 4 6 |  6.0
Air Magic      | 2 |  2.5
Poison Magic   | 5 6 |  6.5
Evocations     | 1 4 6 8 |  8.4
Summonings     | 1 7 11 12 | 12.5
Transmutations | 3 |  3.5
Charms         | 3 |  3.9
Necromancy     | 2 |  2.0
Armour         | 2 |  2.0

Action                   |  1- 3 |  4- 6 |  7- 9 | 10-12 | 13-15 | 16-18 || total
-------------------------+-------+-------+-------+-------+-------+-------++-------
Melee: Dagger            |   191 |   165 |   398 |   467 |   281 |     9 ||  1511
       Falchion          |       |    20 |    11 |       |       |       ||    31
       Rapier            |       |       |       |    85 |   668 |   721 ||  1474
       Staff             |       |       |       |     2 |     7 |     4 ||    13
       Hand axe          |       |       |       |       |     1 |       ||     1
Throw: Stone             |     1 |       |       |       |       |       ||     1
       Throwing net      |       |       |       |     2 |       |       ||     2
 Cast: Corona            |    14 |       |       |       |    11 |     2 ||    27
       Ensorcelled Hiber |    11 |    12 |    58 |    90 |   102 |   109 ||   382
       Confuse           |     6 |     3 |    22 |    44 |    84 |    61 ||   220
       Dazzling Spray    |       |       |    37 |    70 |    85 |     5 ||   197
       Tukima's Dance    |       |       |     5 |     4 |     6 |     2 ||    17
       Venom Bolt        |       |       |       |    19 |    96 |    93 ||   208
       Olgreb's Toxic Ra |       |       |       |     9 |       |       ||     9
       Mephitic Cloud    |       |       |       |     2 |    19 |     2 ||    23
       Fulminant Prism   |       |       |       |       |    19 |       ||    19
       Repel Missiles    |       |       |       |       |     4 |     2 ||     6
       Summon Demon      |       |       |       |       |    75 |    37 ||   112
       Alistair's Intoxi |       |       |       |       |     7 |       ||     7
       Regeneration      |       |       |       |       |     7 |     9 ||    16
       Spellforged Servi |       |       |       |       |     6 |    47 ||    53
       Fireball          |       |       |       |       |       |    25 ||    25
Invok: Slouch            |       |       |       |     2 |     2 |       ||     4
       Bend Time         |       |       |       |       |     1 |     1 ||     2
 Abil: Evoke Blink       |       |       |       |       |       |     2 ||     2
Evoke: Wand              |       |       |     5 |    11 |     6 |    11 ||    33
       Staff of energy   |       |       |       |       |    49 |    40 ||    89
       Sack of spiders   |       |       |       |       |     3 |       ||     3
       Lamp of fire      |       |       |       |       |     1 |     1 ||     2
       Phantom mirror    |       |       |       |       |       |     1 ||     1
  Use: Scroll            |       |    10 |    17 |     8 |    22 |    14 ||    71
       Potion            |       |     2 |     2 |     1 |    12 |     8 ||    25
 Stab: Sleeping          |     9 |    11 |    48 |    77 |    78 |    72 ||   295
       Distracted        |     2 |       |       |     3 |    16 |    13 ||    34
       Confused          |     1 |     3 |    15 |    18 |    51 |    22 ||   110
       Invisible         |       |       |     2 |     6 |     9 |     4 ||    21
       Held in net/web   |       |       |       |     1 |       |       ||     1
  Eat: Chunk             |     6 |     6 |     6 |    10 |     8 |     2 ||    38
       Pizza             |       |       |     2 |       |     1 |       ||     3
       Royal jelly       |       |       |       |     4 |     1 |       ||     5
       Meat ration       |       |       |       |       |     5 |     4 ||     9
       Fruit             |       |       |       |       |       |     1 ||     1
Armor: Robe              |    51 |    32 |    83 |    66 |   142 |   151 ||   525
Dodge: Dodged            |   142 |   120 |   282 |   335 |  1012 |  1084 ||  2975
       Deflected         |       |       |       |       |    10 |     7 ||    17
Block: Buckler           |       |       |    20 |   163 |   376 |   384 ||   943
       Shield            |       |       |       |       |   110 |       ||   110
       Rpst.: Falchion   |       |     5 |       |       |       |       ||     5
